 Dungeon Crawl Stone Soup version 0.24-a0-102-g7635c99 (webtiles) character file.

Game seed: 13195368061736012210

510 galech the Chopper (level 6, -1/49 HPs)
             Began as a Demonspawn Fighter on Feb 12, 2019.
             Slain by Menkaure (17 damage)
             ... on level 5 of the Dungeon.
             The game lasted 00:03:20 (2745 turns).

galech the Chopper (Demonspawn Fighter)             Turns: 2745, Time: 00:03:20

Health: -1/49      AC: 12    Str: 16    XL:     6   Next: 98%
Magic:  6/6        EV:  5    Int:  9    God:
Gold:   134        SH:  9    Dex: 15    Spells: 5/5 levels left

rFire    . . .     SeeInvis .   a - +0 war axe
rCold    . . .     Gourm    .   c - +0 shield
rNeg     . . .     Faith    .   d - +0 chain mail
rPois    .         Spirit   .   (helmet restricted)
rElec    .         Reflect  .   e - +2 cloak
rCorr    .         Harm     .   (no gloves)
MR       .....                  (no boots)
Stlth    ..........             (no amulet)
HPRegen  0.16/turn              (no ring)
MPRegen  0.10/turn              (no ring)

@: no status effects
A: antennae 2, spiny 1
a: no special abilities


You were on level 5 of the Dungeon.
You were hungry.

You visited 1 branch of the dungeon, and saw 5 of its levels.

You collected 134 gold pieces.

Inventory:

Hand Weapons
 a - a +0 war axe (weapon)
Armour
 c - a +0 shield (worn)
 d - a +0 chain mail (worn)
 e - a +2 cloak (worn)
Scrolls
 h - 5 scrolls of identify {unknown}
 j - 6 scrolls of enchant weapon {unknown}
 n - a scroll of amnesia {unknown}
 o - a scroll of fog {unknown}
 p - a scroll of random uselessness {unknown}
 q - a scroll of fear {unknown}
 u - a scroll of enchant armour {unknown}
Potions
 b - a potion of brilliance {unknown}
 i - 2 potions of agility {unknown}
 k - 2 potions of degeneration {unknown}
 l - 3 potions of curing {unknown}
 m - 2 potions of flight {unknown}
 r - a potion of cancellation {unknown}
 s - a potion of lignification {unknown}
 t - a potion of heal wounds {unknown}
Comestibles
 f - 10 rations


   Skills:
 + Level 4.3 Fighting
 + Level 4.5 Axes
 + Level 3.8 Armour
 + Level 1.0 Dodging
 + Level 4.0 Shields


You had 5 spell levels left.
You didn't know any spells.
Your spell library contained the following spells:

 Spells                   Type           Power        Failure   Level  Hunger
 Confusing Touch          Hex            #.....       100%        1    ##.....
 Confuse                  Hex            #.......     100%        3    ####...
 Gell's Gravitas          Tloc           #.........   100%        3    ####...
 Petrify                  Tmut/Erth      #.......     100%        4    #####..
 Metabolic Englaciation   Hex/Ice        #.........   100%        5    ######.
 Yara's Violent Unravell  Hex/Tmut       #.........   100%        5    ######.


Dungeon Overview and Level Annotations

Branches:
Dungeon (5/15)
 Temple: D:4-7

Altars:
Dithmenos
Elyvilon
Fedhas
Gozag
Sif Muna

Annotations:
D:5 Menkaure


Innate Abilities, Weirdness & Mutations

You have a pair of antennae on your head.
You are partially covered in sharp spines.


Message History

Your body is wracked with pain!
You are too injured to fight recklessly!
You are too injured to fight recklessly!
You are too injured to fight recklessly!
You are too injured to fight recklessly!
You are too injured to fight recklessly!
You are too injured to fight recklessly!
You are too injured to fight recklessly!
You are too injured to fight recklessly!
You are too injured to fight recklessly!
You are too injured to fight recklessly!
You are too injured to fight recklessly!
You are too injured to fight recklessly!
You are too injured to fight recklessly!
You are too injured to fight recklessly!
You are too injured to fight recklessly!
Your chain mail prevents you from hitting Menkaure.
Menkaure is lightly damaged.
Menkaure is struck by your spines. Menkaure hits you!
You die...

... .. ####.# ##..
....####...#
####..........#
..............#
#......####............
#...... #......).....<#
...... #......@M.....#
.... #.............#
#..# ##....#........#
#..###.....###...####
#..#.......# ##.#
####..........# .#
#........#....# .
...>..####....# .#
####..# ###.##


You could see Menkaure.

Vanquished Creatures
  An ogre (D:5)
  A phantom (D:4)
  A jelly (D:5)
  A hound (D:4)
  Jessica (D:3)
  Terence (D:3)
  A worker ant (D:4)
  Robin (D:3)
  5 adders
  An ooze (D:3)
  6 worms
  4 dart slugs
  5 leopard geckos
  2 orcs (D:3)
  2 ball pythons
  15 bats
  7 giant cockroaches
  18 goblins
  11 hobgoblins
  4 jackals (D:2)
  A quokka (D:5)
  3 frilled lizards
  8 kobolds
  7 rats
107 creatures vanquished.

Notes
Turn   | Place    | Note
-------+----------+-------------------------------------------
     0 | D:1      | galech the Demonspawn Fighter began the quest for the Orb.
     0 | D:1      | Reached XP level 1. HP: 18/18 MP: 1/1
   199 | D:1      | Gained mutation: You have a pair of small antennae on your
                  | head. [demonic ancestry]
   199 | D:1      | Reached XP level 2. HP: 24/24 MP: 2/2
   367 | D:1      | Reached XP level 3. HP: 25/29 MP: 3/3
   478 | D:1      | You fall through a shaft!
   661 | D:2      | Gained mutation: You have a pair of antennae on your head.
                  | [demonic ancestry]
   661 | D:2      | Reached XP level 4. HP: 28/36 MP: 4/4
   795 | D:2      | Found an opulent altar of Gozag.
   795 | D:2      | Found a shadowy altar of Dithmenos.
   807 | D:2      | Found a blossoming altar of Fedhas.
  1300 | D:3      | Noticed Terence
  1314 | D:3      | Killed Terence
  1349 | D:3      | Noticed Jessica
  1360 | D:3      | Reached XP level 5. HP: 35/42 MP: 5/5
  1368 | D:3      | Killed Jessica
  1374 | D:3      | Found a deep blue altar of Sif Muna.
  1616 | D:3      | Noticed Robin
  1633 | D:3      | Killed Robin
  1844 | D:3      | Found a faded altar of an unknown god.
  2095 | D:4      | Noticed a phantom
  2101 | D:4      | Killed a phantom
  2101 | D:4      | Gained mutation: You are partially covered in sharp spines.
                  | [demonic ancestry]
  2101 | D:4      | Reached XP level 6. HP: 46/48 MP: 6/6
  2660 | D:5      | Entered Level 5 of the Dungeon
  2711 | D:5      | Found a white marble altar of Elyvilon.
  2735 | D:5      | Noticed Menkaure
  2740 | D:5      | Reached skill level 1 in Dodging
  2745 | D:5      | Slain by Menkaure

Levels and vault maps discovered:
D:1:      lightli_molten_gateway, layout_rooms, minmay_tromino_v2
D:2:      layout_rooms, grunt_temple_overflow_open, first_ration
D:3:      layout_basic, old_standard_altar,
          chequers_ecumenical_altar_simple_redux, uniq_robin, uniq_jessica,
          uniq_terence
D:4:      wad_pebble_path, layout_loops_ring
D:5:      layout_rooms, lemuel_coloured_pillars_altar,
          yredelemnul_altar_generic, serial_shops, shop_coins,
          kennysheep_generic_room_8, uniq_menkaure

Skill      XL: |  1  2  3  4  5  6 |
---------------+-------------------+-----
Armour         | 3 |  3.8
Shields        | 3 4 |  4.0
Axes           | 2 4 |  4.5
Fighting       | 4 |  4.3
Dodging        | 1 |  1.0

Action                   |  1- 3 |  4- 6 || total
-------------------------+-------+-------++-------
Melee: War axe           |   115 |   176 ||   291
  Use: Potion            |       |     1 ||     1
  Eat: Chunk             |       |     6 ||     6
Armor: Scale mail        |    84 |    34 ||   118
       Chain mail        |       |    85 ||    85
Dodge: Dodged            |    55 |    52 ||   107
Block: Shield            |    72 |   114 ||   186

Table legend:
 A = Non-vault XP
 B = Vault XP
 C = Vault XP percentage of total XP
 D = Non-vault monster count
 E = Vault monster count
 F = Vault count percentage of total count
                 A         B        C        D         E       F
            +---------+---------+-------+---------+---------+-------
      Total |     621 |     108 |  14.8 |      93 |      14 |  13.1
            +---------+---------+-------+---------+---------+-------
        D:1 |      65 |       1 |   1.5 |      33 |       1 |   2.9
        D:2 |      69 |       0 |   0.0 |      26 |       0 |   0.0
        D:3 |      68 |     107 |  61.1 |      23 |      13 |  36.1
        D:4 |     245 |       0 |   0.0 |       8 |       0 |   0.0
        D:5 |     174 |       0 |   0.0 |       3 |       0 |   0.0
            +---------+---------+-------+---------+---------+-------
